 Dungeon Crawl Stone Soup version 0.31-a0-237-g2d982f9f85 (webtiles) character file.

Game seed: 8720993171803843732

44 qw the Shooter (level 3, -1/21 HPs)
             Began as a Gargoyle Hexslinger on July 11, 2023.
             Slain by Terence
             ... wielding a +0 trident
              (4 damage)
             ... on level 2 of the Dungeon.
             The game lasted 00:00:27 (1174 turns).

qw the Shooter (Gargoyle Hexslinger)                Turns: 1174, Time: 00:00:28

Health: -1/21      AC:  5    Str: 17    XL:     3   Next: 62%
Magic:  4/4        EV: 12    Int: 13    God:
Gold:   35         SH:  0    Dex: 14    Spells: 3/4 levels left

rFire   . . .        Y - +1 sling
rCold   . . .        (no shield)
rNeg    + . .        c - +0 robe
rPois   inf          (no helmet)
rElec   +            (no cloak)
rCorr   .            (no gloves)
SInv    .            (no boots)
Will    .....        (no amulet)
Stlth   +            j - +6 ring of strength
HPRegen 0.23/turn    (no ring)
MPRegen 0.09/turn

%: no passive effects
@: no status effects
A: sickness immunity, AC +3, negative energy resistance 1, electricity
resistance, torment resistance 1, petrification resistance
a: no special abilities


You were on level 2 of the Dungeon.
You visited 1 branch of the dungeon, and saw 2 of its levels.

You collected 35 gold pieces.


Innate Abilities, Weirdness & Mutations

You are immune to sickness and miasma.
Your stone body is resilient. (AC +3)
You are immune to poison.
You resist negative energy. (rN+)
You are resistant to electric shocks. (rElec)
You are resistant to unholy torment.
You are immune to petrification.


   Skills:
 - Level 2.0 Fighting
 + Level 3.5 Ranged Weapons
 - Level 1.5 Dodging
 - Level 1.0 Spellcasting
 - Level 2.6 Hexes


You had 3 spell levels left.
You knew the following spells:

 Your Spells              Type           Power      Damage    Failure   Level
a - Slow                  Hex            28%        N/A       10%         1

Your spell library contained the following spells:

 Spells                   Type           Power      Damage    Failure   Level
 Inner Flame              Hex/Fire       4%         N/A       43%         3
 Portal Projectile        Hex/Tloc       8%         N/A       43%         3
 Cause Fear               Hex            3%         N/A       67%         4

Inventory:

Hand Weapons
 Y - a +1 sling (weapon)
Armour
 c - a +0 robe (worn)
 k - a +0 ring mail
Jewellery
 i - a +4 ring of protection
 j - a +6 ring of strength (left hand)
Scrolls
 a - 3 scrolls of identify
 b - a scroll of blinking {unknown}
Potions
 d - 2 potions of cancellation {unknown}
 e - a potion of mutation {unknown}
 f - a potion of curing
 g - a potion of attraction {unknown}
 h - a potion of berserk rage {unknown}
 l - 2 potions of degeneration {unknown}

Dungeon Overview and Level Annotations

Branches:
Dungeon (2/15)

Altars:
Dithmenos

Annotations:
D:2 1 runed translucent door, Crazy Yiuf, Terence


Message History

Terence drinks a potion.
Terence seems to grow stronger.
You shoot a sling bullet.
The sling bullet hits Terence but does no damage.
Terence is lightly wounded.
Terence hits you from afar with a +0 trident.
You shoot a sling bullet. The sling bullet hits Terence.
Terence is moderately wounded.
Terence hits you but does no damage.
You shoot a sling bullet. The sling bullet hits Terence.
Terence is moderately wounded.
Terence completely misses you. Terence barely misses you.
You shoot a sling bullet.
The sling bullet hits Terence but does no damage.
Terence is moderately wounded.
Terence hits you from afar with a +0 trident!
Ouch! That really hurt!
Enter note:
Enter note:
Enter note:
Enter note:
Enter note:
Enter note:
Enter note:
Enter note:
Enter note:
1170 ||| UPGRADING to +0 ring mail.
Terence completely misses you.
You start removing your armour.
You continue taking off your +0 robe.
Terence hits you from afar with a +0 trident.
You stop removing your armour.
1172 ||| UPGRADING to +0 ring mail.
Terence says, "Time to say good-bye..."
Terence hits you from afar with a +0 trident.
You stop removing your armour.
1173 ||| UPGRADING to +0 ring mail.
Terence barely misses you.
You start removing your armour.
You continue taking off your +0 robe.
Terence hits you from afar with a +0 trident.
You stop removing your armour.
You die...

####### #.....#...............
#..)..#...............
###.....#.........(...$.
#....<..#...............
........#...............
........##..(...)......#######
........###.$.@..!..).###P.P..#
..........# #@# ##P~~~P~P##
.......<#.# .##.# ##.P~7 7~P.#
........#.# .##.# ##P~~~7 77P..
........#.###.##.## #.PPP7 7~~P.
........#.##..##..###..P~7 7~~P.
......#...##.##.........P7777~~P#
..#######...............~~7~~~~~P
.............####.######.P~~~~~..
.######.......#.### ##PPP.....


You could see Terence (strong).

Vanquished Creatures
  An adder (D:2)
  A dart slug (D:1)
  4 bats (D:1)
  2 endoplasms
  3 giant cockroaches (D:1)
  8 goblins (D:1)
  2 hobgoblins (D:1)
  A quokka (D:2)
  2 ball pythons
  3 frilled lizards
  A kobold (D:2)
  2 rats
30 creatures vanquished.

Notes
Turn   | Place    | Note
-------+----------+-------------------------------------------
     0 | D:1      | qw the Gargoyle Hexslinger began the quest for the Orb.
     0 | D:1      | Reached XP level 1. HP: 12/12 MP: 2/2
     0 | D:1      | 0 ||| qw: Version: 0.3-a-52-g30416fa
     0 | D:1      | 0 ||| qw: Game counter: 5592
     0 | D:1      | 0 ||| qw: Melee chars always use a shield: true
     0 | D:1      | 0 ||| qw: God list: Okawaru
     0 | D:1      | 0 ||| qw: Allow faded altars: false
     0 | D:1      | 0 ||| qw: Do Orc after clearing Dungeon:15 true
     0 | D:1      | 0 ||| qw: Do second Lair branch before Depths: true
     0 | D:1      | 0 ||| qw: Lair rune preference: random
     0 | D:1      | 0 ||| qw: Goals: Normal
     0 | D:1      | 0 ||| PLANNING D:1-11
    53 | D:1      | 53 ||| FLEEEEING.
    54 | D:1      | 54 ||| FLEEEEING.
    66 | D:1      | Found a faded altar of an unknown god.
   222 | D:1      | Reached XP level 2. HP: 16/16 MP: 3/3
   316 | D:1      | Reached skill level 3 in Ranged Weapons
   560 | D:1      | Reached XP level 3. HP: 21/21 MP: 4/4
   835 | D:1      | 835 ||| UPGRADING to +6 ring of strength.
   836 | D:1      | 836 ||| READING 3 scrolls labelled CIKHU WEAPSA.
   837 | D:1      | 837 ||| READING scroll labelled KER GOIH YWNI.
   838 | D:1      | 838 ||| READING scroll labelled DYROEN NUMUI.
   839 | D:1      | 839 ||| READING 2 scrolls of identify.
   839 | D:1      | 839 ||| IDENTIFYING red potion
   840 | D:1      | 840 ||| DROPPING scroll of poison.
   933 | D:2      | Found a shadowy altar of Dithmenos.
  1118 | D:2      | Found a runed translucent door.
  1119 | D:2      | Noticed Crazy Yiuf
  1161 | D:2      | Noticed Terence
  1170 | D:2      | 1170 ||| UPGRADING to +0 ring mail.
  1172 | D:2      | 1172 ||| UPGRADING to +0 ring mail.
  1172 | D:2      | HP: 3/21 [Terence/+0 trident (4)]
  1173 | D:2      | 1173 ||| UPGRADING to +0 ring mail.
  1174 | D:2      | Slain by Terence

Levels and vault maps discovered:
D:1:      dpeg_arrival_tiny_a, layout_loops_corners,
          hellmonk_ecumenical_altar_crossroads
D:2:      layout_rooms, basic_altar, serial_bayou_pond_c,
          uniq_crazy_yiuf_cottage, uniq_terence

Skill      XL: |  1  2  3 |
---------------+----------+-----
Ranged Weapons | 3 |  3.5
Fighting       | 2 |  2.0
Dodging        | |  1.5
Spellcasting   | |  1.0
Hexes          | |  2.6

Action                     || total
---------------------------++-------
   Fire: Sling             ||    94
    Use: Scroll            ||     4
 Armour: Robe              ||     9
  Dodge: Dodged            ||    26

Table legend:
 A = Non-vault XP
 B = Vault XP
 C = Vault XP percentage of total XP
 D = Non-vault monster count
 E = Vault monster count
 F = Vault count percentage of total count
                 A         B        C        D         E       F
            +---------+---------+-------+---------+---------+-------
      Total |      64 |       0 |   0.0 |      30 |       0 |   0.0
            +---------+---------+-------+---------+---------+-------
        D:1 |      43 |       0 |   0.0 |      23 |       0 |   0.0
        D:2 |      21 |       0 |   0.0 |       7 |       0 |   0.0
            +---------+---------+-------+---------+---------+-------
